 Dungeon Crawl Stone Soup version 0.27-a0-1149-g4505690ab0 (webtiles) character file.

Game seed: 11511341081722576842

23 Azzok the Shield-Bearer (level 3, -1/29 HPs)
             Began as a Formicid Fighter on May 13, 2021.
             Succumbed to a scorpion's poison
             ... on level 2 of the Dungeon.
             The game lasted 00:02:01 (1041 turns).

Azzok the Shield-Bearer (Formicid Fighter)          Turns: 1041, Time: 00:02:01

Health: -1/29      AC:  6    Str: 21    XL:     3   Next: 12%
Magic:  3/3        EV:  9    Int:  7    God:
Gold:   22         SH:  0    Dex: 10    Spells: 2/2 levels left

rFire    . . .     SeeInvis +   a - +0 war axe
rCold    . . .     Faith    .   (no shield)
rNeg     . . .     Spirit   .   b - +0 scale mail
rPois    .         Reflect  .   (helmet unavailable)
rElec    .         Harm     .   (no cloak)
rCorr    .         Rampage  .   (no gloves)
Will     .....                  (no boots)
Stlth    ..........             (no amulet)
HPRegen  0.09/turn              (no ring)
MPRegen  0.08/turn              (no ring)

@: lethally poisoned (-1 -> -21)
A: permanent stasis, dig shafts and tunnels, antennae 3, four strong arms
a: Dig, Shaft Self


You were on level 2 of the Dungeon.
You visited 1 branch of the dungeon, and saw 2 of its levels.

You collected 52 gold pieces.
You spent 30 gold pieces at shops.

Inventory:

Hand Weapons
 a - a +0 war axe (weapon)
Armour
 b - a +0 scale mail (worn)
 c - a +0 kite shield
Scrolls
 e - 2 scrolls of amnesia {unknown}
 f - a scroll of magic mapping {unknown}
 g - a scroll of brand weapon {unknown}
 h - a scroll of silence {unknown}
 i - a scroll of enchant weapon {unknown}
 j - a scroll of teleportation {unknown}
 k - a scroll of torment {unknown}
 m - a scroll of enchant armour {unknown}
Potions
 d - a potion of might
 l - a potion of mutation {!q}


   Skills:
 - Level 3.2 Fighting
 * Level 3.0 Axes
 - Level 3.2 Armour
 + Level 4.0 Shields


You had 2 spell levels left.
You didn't know any spells.
Your spell library was empty.

Dungeon Overview and Level Annotations

Branches:
Dungeon (2/15)

Altars:

Shops:
D:1 [(*=


Innate Abilities, Weirdness & Mutations

You cannot be hasted, slowed, berserked, paralysed or teleported.
You can dig through walls and to a lower floor.
You have a pair of large antennae on your head. (SInv)
Your four strong arms can wield two-handed weapons with a shield.


Message History

You see here a jackal corpse.
Found 21 arrows and a robe.
You sense a monster nearby.
You see here a +0 robe.
A scorpion comes into view.
A scorpion is nearby!
You closely miss the scorpion. The scorpion barely misses you.
The scorpion stings you but does no damage.
You barely miss the scorpion.
The scorpion stings you but does no damage.
The scorpion barely misses you.
You slash the scorpion!
The scorpion is severely wounded.
The scorpion stings you.
You closely miss the scorpion.
The scorpion is severely wounded.
The scorpion barely misses you.
The scorpion stings you but does no damage.
You closely miss the scorpion.
The scorpion is severely wounded.
The scorpion stings you.
You are poisoned.
The scorpion poisons you!
The scorpion stings you but does no damage.
You hit the scorpion.
The scorpion is almost dead.
You feel very sick. The scorpion stings you.
You are lethally poisoned!
The scorpion poisons you! The scorpion stings you.
You hit the scorpion but do no damage.
The scorpion is almost dead.
You feel very sick. The scorpion stings you.
* * * LOW HITPOINT WARNING * * *
You are more poisoned.
The scorpion poisons you!
You hit the scorpion.
The scorpion is almost dead.
You die...

▒ ▒▒▒▒▒▒▒▒▒▒▒···≈···▒
▒▒▒···········[·≈▒▒··· {
····▒▒▒▒▒▒▒▒···≈≈▒ ▒▒▒▒▒
▒▒·≈·≈▒ ▒ ·▒▒ ▒▒▒··≈▒ ·▒
▒·▒▒▒▒▒▒▒▒▒·▒▒▒▒≈▒▒·▒▒
▒▒·········▒ ▒▒ ▒▒···▒··
▒·▒▒▒▒▒▒·<▒▒▒·▒▒▒s······
·▒▒▒▒▒▒····▒·▒▒·@·······
···†········▒ ▒·▒·······
▒▒▒▒▒▒▒·····▒▒▒·▒▒······
▒▒····▒▒([·▒▒·▒·▒·
▒▒···········▒ ▒
▒▒▒·▒▒···▒▒▒▒ ▒·▒▒▒·▒▒
▒·▒ ▒··· ▒·▒ ▒▒▒▒▒


You could see a scorpion.

Vanquished Creatures
  An endoplasm (D:1)
  3 goblins (D:1)
  7 jackals (D:2)
  2 kobolds (D:1)
  2 quokkas (D:1)
  A ball python (D:1)
  A bat (D:1)
  2 frilled lizards (D:1)
  A rat (D:1)
20 creatures vanquished.

Notes
Turn   | Place    | Note
-------+----------+-------------------------------------------
     0 | D:1      | Azzok the Formicid Fighter began the quest for the Orb.
     0 | D:1      | Reached XP level 1. HP: 18/18 MP: 1/1
   233 | D:1      | Found Taastral's Jewellery Emporium.
   242 | D:1      | Reached XP level 2. HP: 24/24 MP: 2/2
   313 | D:1      | Found Ugyebig's Armour Emporium.
   429 | D:1      | Found Ninaigom's Antique Weapon Shoppe.
   497 | D:1      | Found Yxiushaw's General Store.
   526 | D:1      | Bought a scroll of identify for 20 gold pieces
   771 | D:1      | Bought a scroll of noise for 10 gold pieces
   812 | D:2      | Reached skill level 4 in Shields
  1008 | D:2      | Reached XP level 3. HP: 27/29 MP: 3/3
  1032 | D:2      | Noticed a scorpion
  1041 | D:2      | Succumbed to a scorpion's poison

Illustrated notes

Levels and vault maps discovered:
D:1:      lightli_molten_gateway, layout_basic, serial_shops, shop, shop, shop,
          shop_statue
D:2:      layout_loops_ring, chequers_serial_rivers_micro_e

Skill      XL: |  1  2  3 |
---------------+----------+-----
Shields        | 4 |  4.0
Axes           | 3 |  3.0
Fighting       | |  3.2
Armour         | |  3.2

Action                   || total
-------------------------++-------
Melee: War axe           ||    46
  Use: Scroll            ||     2
Armor: Scale mail        ||    20
Dodge: Dodged            ||    18

Table legend: (Time is in decaauts)
 A = Elapsed time spent in this place.
 B = Non-inter-level travel time spent in this place.
 C = Inter-level travel time spent in this place.
 D = Time resting spent in this place.
 E = Time spent auto-exploring this place.
 F = Levels seen in this place.
 G = Mean time per level.
                   A        B        C        D        E       F      G
               +--------+--------+--------+--------+--------+-----+--------+
         Total |   1057 |   1018 |     39 |     33 |    823 |   2 |  528.5 |
       Dungeon |   1057 |   1018 |     39 |     33 |    823 |   2 |  528.5 |
               +--------+--------+--------+--------+--------+-----+--------+

Top non-repeatable levels by time:
     D:1: 795 daAuts
     D:2: 262 daAuts
